Map: Hardwire LE

Players

Cheddar - Winner!

  • Race: Protoss Protoss
  • League: Gold

Tromb

  • Race: Terran Terran
  • League: Silver

VOD

Have the link to the VOD?

Description

Time

  • Played on: Feb. 9, 2022, 4:33 p.m.
  • Length: 32:41
Show
View Real Time Build Order
Export as new Build Order

Cheddar Protoss - Winner!

Build Orders:  

Get SALT Encoding   

  12  0:00  Probe  
  13  0:12  Probe  
  14  0:19  Pylon  
  14  0:24  Probe  
  15  0:37  Probe  
  15  0:41  Forge  
  16  0:52  Probe  
  17  1:04  Probe  
  18  1:20  Pylon x2  
  18  1:24  Probe  
  19  1:29  Assimilator  
  19  1:34  Gateway  
  19  1:36  Probe  
  20  1:55  Photon Cannon  
  20  2:03  Probe  
  21  2:15  Photon Cannon  
  21  2:16  Probe  
  22  2:35  Pylon  
  22  2:41  Pylon  
  22  2:44  Zealot  
  23  2:58  Assimilator  
  22  3:11  Probe  
  23  3:23  Cybernetics Core, Nexus, Zealot  
  23  3:25  Probe (Chrono Boost)  
  26  3:37  Probe (Chrono Boost)  
  26  3:41  Gateway  
  27  3:42  Probe (Chrono Boost)  
  28  3:54  Warp Gate (Chrono Boost)  
  28  3:59  Stalker  
  30  4:06  Pylon  
  30  4:12  Probe  
  30  4:13  Pylon  
  31  4:24  Probe  
  31  4:32  Robotics Facility  
  31  4:35  Stalker x2  
  31  4:37  Probe  
  36  4:41  Probe  
  37  4:51  Probe  
  38  4:57  Probe  
  39  5:02  Pylon  
  39  5:16  Probe x2  
  41  5:22  Robotics Bay  
  41  5:25  Stalker x2  
  45  5:30  Probe (Chrono Boost)  
  45  5:31  Probe (Chrono Boost)  
  47  5:38  Observer  
  47  5:40  Probe x2 (Chrono Boost)  
  49  5:59  Warp Prism  
  51  6:09  Probe (Chrono Boost)  
  51  6:10  Probe (Chrono Boost)  
  53  6:16  Zealot x2  
  59  6:19  Probe x2 (Chrono Boost)  
  59  6:30  Observer  
  59  6:35  Disruptor  
  62  6:47  Extended Thermal Lance  
  62  7:13  Pylon  
  62  7:15  Pylon  
  62  7:18  Pylon  
  62  7:19  Assimilator  
  62  7:21  Assimilator  
  62  7:31  Probe, Disruptor  
  66  7:41  Gateway  
  66  7:42  Probe (Chrono Boost), Gateway  
  68  7:44  Probe (Chrono Boost), Gateway  
  68  7:47  Gateway  
  69  7:52  Probe (Chrono Boost)  
  69  7:56  Nexus  
  69  8:06  Colossus  
  75  8:14  Zealot x2  
  75  8:17  Observer  
  75  9:00  Colossus  
  81  9:45  Zealot  
  83  9:46  Zealot x3  
  83  9:47  Zealot  
  83  9:51  Zealot x2  
  83  9:52  Zealot x4  
  93  9:54  Disruptor  
  96  10:20  Stalker x2  
  100  10:36  Probe  
  101  10:42  Pylon  
  101  10:43  Pylon  
  101  10:45  Pylon x3  
  101  10:49  Probe x2  
  101  10:50  Probe  
  87  11:01  Probe  
  87  11:02  Probe  
  80  11:07  Zealot x6  
  98  11:11  Disruptor  
  95  11:33  Zealot x4  
  95  11:34  Zealot x2  
  107  11:47  Disruptor  
  107  11:48  Probe x2  
  107  11:49  Probe  
  107  11:52  Protoss Ground Weapons Level 1  
  113  12:00  Probe x2  
  113  12:01  Probe  
  116  12:04  Forge  
  116  12:05  Forge  
  116  12:06  Pylon  
  116  12:09  Pylon  
  116  12:12  Probe  
  116  12:13  Probe x2  
  119  12:18  Assimilator  
  119  12:20  Assimilator  
  119  12:23  Disruptor  
  119  12:25  Pylon  
  122  13:19  Twilight Council  
  109  14:00  Charge  
  109  14:04  Protoss Ground Weapons Level 2, Protoss Ground Armor Level 1, Protoss Shields Level 1  
  109  14:17  Robotics Facility  
  109  14:23  Stalker x6  
  121  14:26  Gateway  
  121  14:28  Gateway  
  121  14:30  Gateway  
  121  14:32  Gateway  
  121  14:35  Pylon, Gateway  
  121  14:37  Gateway  
  121  14:48  Zealot x5  
  121  14:49  Sentry  
  115  15:40  Blink  
  95  16:00  Disruptor  
  98  16:09  Disruptor  
  98  16:35  Disruptor  
  101  16:44  Disruptor  
  104  17:04  Protoss Ground Armor Level 2, Protoss Ground Weapons Level 3, Protoss Shields Level 2  
  104  17:19  Zealot x6  
  104  17:20  Zealot x6  
  106  18:13  Disruptor x2  
  112  18:20  Stalker x7  
  112  18:21  Stalker x5  
  122  18:48  Zealot x7  
  128  18:49  Zealot x5, Disruptor x2  
  152  19:16  Zealot x6  
  164  19:36  Pylon  
  164  19:38  Pylon x2  
  164  19:44  Pylon  
  164  19:47  Pylon  
  164  19:53  Disruptor x2  
  170  20:06  Zealot x10  
  170  20:07  Zealot x2  
  186  20:32  Disruptor  
  187  20:39  Disruptor  
  187  20:41  Protoss Shields Level 3, Protoss Ground Armor Level 3  
  172  21:25  Disruptor x2  
  158  22:00  Disruptor  
  158  22:01  Disruptor  
  152  22:11  Sentry x5  
  152  22:12  Sentry x7  
  176  22:36  Colossus x2  
  182  23:05  Nexus  
  182  23:25  Nexus  
  182  23:29  Colossus  
  173  24:24  Assimilator  
  173  24:32  Assimilator  
  173  24:34  Assimilator  
  173  24:38  Zealot x8  
  177  24:39  Zealot x4  
  177  24:42  Zealot  
  177  24:43  Zealot x11  
  195  25:25  Zealot x2  
  152  26:14  Colossus x2  
  164  27:08  Colossus x2  
  176  27:15  Nexus  
  176  27:27  Nexus  
  176  27:39  Nexus  
  176  27:45  Nexus  
  176  27:48  Assimilator  
  176  27:58  Nexus  
  176  28:01  Colossus  
  182  28:06  Nexus  
  168  29:02  Colossus x2  
  174  29:11  Nexus  
  173  29:55  Assimilator  
  173  29:56  Colossus  
  173  29:59  Assimilator  
  173  31:00  Nexus  
  173  31:07  Nexus  
  173  31:18  Nexus  
Show
View Real Time Build Order
Export as new Build Order

Tromb Terran 

Build Orders:  

Get SALT Encoding   

  12  0:00  SCV  
  13  0:13  SCV  
  14  0:18  Supply Depot  
  14  0:25  SCV  
  15  0:40  SCV  
  15  0:41  Barracks  
  16  0:46  Refinery  
  16  0:52  SCV  
  17  1:04  SCV  
  18  1:16  SCV  
  19  1:46  Marine  
  21  1:53  Orbital Command  
  20  2:01  Factory  
  20  2:04  Marine  
  21  2:21  Supply Depot  
  21  2:22  Marine  
  20  2:56  Factory Tech Lab  
  20  2:57  Marine  
  20  3:03  SCV  
  20  3:04  Refinery  
  19  3:15  SCV, Marine  
  19  3:16  Siege Tank  
  24  3:35  Command Center  
  24  3:36  Marine  
  25  3:43  Barracks  
  25  3:54  Marine  
  26  4:05  Siege Tank  
  30  4:19  Barracks Reactor  
  30  4:21  SCV  
  30  4:25  Refinery  
  30  4:33  SCV  
  30  4:36  Barracks Tech Lab  
  31  4:48  Supply Depot  
  31  4:54  Orbital Command  
  31  4:56  Marine x2  
  33  5:03  Starport  
  33  5:11  Supply Depot  
  46  5:21  Orbital Command  
  33  5:28  Supply Depot  
  33  5:36  SCV  
  33  5:41  Supply Depot  
  34  5:48  SCV  
  35  5:53  Starport Reactor  
  35  5:55  Marine x2  
  37  6:00  SCV  
  37  6:02  Siege Tank  
  41  6:11  Supply Depot  
  41  6:15  SCV  
  41  6:16  SCV  
  43  6:28  SCV x2  
  43  6:31  Barracks  
  45  6:33  Barracks  
  45  6:37  Supply Depot  
  45  6:46  Supply Depot  
  45  6:47  SCV x2  
  47  6:48  Marine x2  
  47  6:49  Marine  
  47  6:53  Medivac  
  47  6:54  Medivac  
  54  6:59  SCV x2  
  56  7:06  Marine  
  57  7:11  SCV x2  
  57  7:14  Command Center  
  59  7:20  Marine x2  
  59  7:21  Marine  
  62  7:27  Medivac x2  
  66  7:43  SCV x2  
  68  7:48  Supply Depot  
  68  7:55  SCV x2  
  68  7:57  Marine x2  
  72  7:59  Barracks Tech Lab x2  
  72  8:02  Medivac x2  
  76  8:07  SCV x2  
  78  8:17  Engineering Bay  
  78  8:18  Engineering Bay  
  78  8:24  Stimpack  
  75  8:34  Marine x3  
  75  8:35  Marine x2  
  75  8:40  Medivac x2  
  84  8:42  Orbital Command  
  84  8:48  SCV x2  
  86  8:52  Marine x2  
  88  9:00  Refinery, SCV  
  88  9:01  SCV  
  88  9:02  Refinery  
  89  9:12  SCV  
  89  9:13  SCV  
  91  9:20  Orbital Command  
  91  9:24  SCV  
  91  9:29  SCV  
  93  9:34  Marine x5  
  93  9:36  SCV  
  99  9:38  Medivac  
  99  9:39  Medivac  
  99  9:41  SCV  
  104  9:46  Terran Infantry Armor Level 1, Terran Infantry Weapons Level 1  
  104  9:48  SCV  
  104  9:51  Armory  
  104  9:52  Marine x2  
  107  9:54  Supply Depot  
  107  10:05  SCV  
  107  10:06  SCV  
  109  10:07  Marine x3  
  109  10:09  Marine x2  
  109  10:12  Orbital Command  
  114  10:18  SCV x2  
  116  10:25  Marine  
  117  10:32  Marine  
  117  10:33  Marine x3  
  121  10:36  SCV x2  
  124  10:42  SCV  
  124  10:43  Marine  
  124  10:48  SCV x2  
  120  10:50  Marine x3  
  120  10:51  Marine  
  120  10:55  SCV  
  108  11:00  Marine  
  97  11:08  Marine  
  93  11:12  Marine  
  93  11:13  Marine x2  
  98  11:18  Hellbat, Marine  
  97  11:26  Marine  
  97  11:30  Marine x2  
  97  11:31  Marine  
  99  11:36  Marine  
  99  11:39  Barracks  
  102  11:40  Hellbat, Barracks  
  102  11:42  Barracks  
  102  11:44  Marine  
  103  11:48  Marine x3  
  106  11:54  Marine  
  109  12:01  Hellbat, Marine, Medivac  
  109  12:06  Terran Infantry Weapons Level 2, Marine x3, Terran Infantry Armor Level 2  
  115  12:08  Terran Vehicle Weapons Level 1  
  115  12:12  Marine  
  116  12:19  Marine  
  119  12:23  Hellbat  
  119  12:24  Marine x2  
  123  12:44  Hellbat, Marine x2  
  123  12:45  Marine x3  
  123  12:49  Combat Shield  
  128  13:02  Marine x3  
  128  13:03  Marine x2  
  133  13:23  Marine x4  
  106  13:28  Marine  
  99  13:41  Marine x4  
  99  13:45  Marine  
  98  13:57  Siege Tank  
  98  13:59  Marine x4  
  105  14:10  SCV x2  
  105  14:12  Marine  
  108  14:17  Marine x4  
  108  14:22  SCV x2  
  114  14:29  Marine  
  114  14:30  Siege Tank  
  118  14:32  Barracks  
  118  14:35  Barracks  
  118  14:37  Factory  
  118  14:38  Starport  
  118  14:46  Barracks Reactor  
  118  14:48  Barracks Reactor  
  118  14:49  Barracks Reactor  
  118  14:53  Marine x4  
  118  14:54  Marine  
  118  14:59  Terran Infantry Weapons Level 3  
  122  15:00  Terran Infantry Armor Level 3  
  122  15:01  Terran Vehicle Weapons Level 2  
  122  15:02  Siege Tank  
  125  15:11  Marine x3  
  127  15:15  Supply Depot x3  
  127  15:16  Supply Depot  
  98  15:31  Marine x4  
  98  15:32  Marine x5  
  98  15:34  Siege Tank  
  75  15:51  Marine x5  
  75  15:52  Marine x3  
  75  15:53  Marine  
  82  16:06  Hellbat  
  82  16:08  Marine  
  82  16:09  Marine x6  
  82  16:10  Marine  
  85  16:28  Marine, Starport Reactor  
  85  16:29  Marine x4  
  85  16:30  Marine  
  91  16:41  Orbital Command  
  74  17:07  Marine x7  
  79  17:25  SCV  
  70  17:37  SCV, Marine x9  
  69  17:49  SCV  
  53  17:54  Marine  
  53  17:55  Marine x2  
  53  17:57  Orbital Command  
  48  18:01  SCV  
  48  18:03  Marine  
  48  18:04  Marine x5  
  50  18:10  Hellbat  
  50  18:12  Marine, Medivac  
  50  18:13  SCV, Marine x2  
  54  18:21  Marine x2  
  54  18:22  Marine x4  
  54  18:25  SCV  
  62  18:30  Marine x3  
  62  18:31  Hellbat  
  66  18:37  SCV  
  66  18:39  Marine x2  
  66  18:40  Marine  
  56  18:49  SCV  
  56  18:52  Command Center  
  57  19:01  SCV  
  57  19:02  Marine x2  
  60  19:13  SCV  
  61  19:26  SCV  
  61  19:36  Marauder x3  
  61  19:38  Marine  
  67  19:41  Concussive Shells  
  68  19:48  SCV x2  
  43  20:00  Marine x3  
  43  20:01  SCV  
  47  20:18  Planetary Fortress  
  39  20:48  Marauder x3  
  39  20:49  Marine x3  
  47  20:50  Marine x2  
  47  20:54  SCV  
  51  21:01  SCV  
  52  21:06  SCV  
  52  21:09  Marauder x2  
  52  21:10  Marauder  
  57  21:13  SCV  
  56  21:22  SCV  
  57  21:31  Marauder  
  59  21:34  SCV  
  59  21:39  Command Center  
  60  21:43  SCV  
  60  21:46  SCV  
  62  21:56  SCV  
  63  22:08  SCV  
  64  22:10  SCV  
  65  22:17  Refinery  
  65  22:19  Refinery  
  65  22:20  SCV  
  65  22:22  SCV  
  67  22:34  SCV, Marine  
  67  22:35  Marine x5  
  67  22:36  Marine x3  
  77  22:42  Command Center  
  77  22:46  SCV  
  78  22:52  Marine  
  78  22:59  SCV  
  79  23:11  SCV  
  80  23:13  Planetary Fortress  
  80  23:22  SCV  
  80  23:23  SCV x2, Marine x2  
  80  23:24  Marine x7  
  75  23:35  SCV  
  76  23:41  Marine x3  
  76  23:42  Marine x2  
  81  23:51  Command Center  
  81  23:54  SCV  
  81  23:55  SCV x4  
  86  24:07  SCV x3  
  86  24:08  Command Center  
  89  24:16  Marine x4  
  89  24:17  Marine x4  
  93  24:18  Marine  
  98  24:25  Hellbat  
  98  24:30  Infernal Pre-Igniter  
  100  24:35  Marauder  
  102  24:47  Hellbat  
  102  24:54  SCV  
  103  25:06  SCV  
  94  25:41  Marine x3  
  94  25:42  Marine x6  
  101  25:47  Siege Tank  
  85  25:59  Marine x4  
  85  26:00  Marine x5  
  73  26:15  Medivac x2  
  73  26:17  Marine x9  
  66  26:19  Siege Tank  
  66  26:20  SCV  
  70  26:34  Marine  
  70  26:35  Marine x8  
  55  26:51  Siege Tank, SCV  
  55  26:52  Marine x2  
  55  26:53  Marine x4  
  56  27:03  SCV  
  56  27:15  SCV  
  56  27:18  Marine  
  56  27:19  Marine x3  
  56  27:20  Marauder  
  56  27:21  Marine  
  64  27:23  Siege Tank  
  64  27:25  SCV  
  68  27:47  Marine x3  
  68  27:48  Marine x2  
  73  27:55  Siege Tank  
  76  28:09  SCV x2  
  78  28:21  SCV x2  
  57  29:07  Marine x4  
  57  29:08  Marine x3  
  57  29:09  Marine  
  60  29:32  SCV x2  
  61  30:01  Orbital Command  
  61  30:25  Marine x2  
  61  30:26  Marine x5  
  61  30:27  Marine x2  
  52  30:37  SCV x2  
  54  30:43  Marine x2  
  54  30:44  Marine x3  
  54  30:49  SCV x2  
  60  31:01  SCV  
  49  31:17  Marine x9  
  53  31:23  Hellbat  
  53  31:24  Medivac x2  
  56  31:34  Marine  
  56  31:35  Marine x8  
  64  31:44  Hellbat  
  66  31:52  Marine  
  66  31:53  Marine x8  
  71  32:06  Hellbat  
  65  32:10  Marine x4  
  52  32:29  SCV  
Tags
 
Add a new tag
Caveats
  • Supply blocks, unpowered buildings, or Contaminate may cause inaccurate times.
  • Supply counts are checked every 10 seconds.